 Dungeon Crawl Stone Soup version 0.31.0-12-g77e489cdc1 (webtiles) character file.

Game seed: 4797297035934622806

266 Anriel the Trooper (level 6, -4/46 (48) HPs)
             Began as a Human Gladiator on Feb 21, 2024.
             Slain by Crazy Yiuf
             ... wielding a +2 quarterstaff of chaos
              (18 damage)
             ... on level 3 of the Dungeon.
             The game lasted 00:15:39 (2627 turns).

Anriel the Trooper (Human Gladiator)                Turns: 2627, Time: 00:15:40

HP:   -4/46 (48)    AC:  3    Str: 14    XL:     6   Next: 20%
MP:   6/6           EV: 14    Int:  8    God:
Gold: 91            SH:  0    Dex: 29    Spells: 5/5 levels left

rFire   . . .        a - +0 long sword
rCold   . . .        (no shield)
rNeg    . . .        i - +0 robe
rPois   .            c - +0 helmet
rElec   .            (no cloak)
rCorr   .            (no gloves)
SInv    .            (no boots)
Will    .....        (no amulet)
Stlth   ++           m - +6 ring of dexterity
HPRegen 0.27/turn    n - +6 ring of dexterity
MPRegen 0.10/turn

%: no passive effects
@: lethally poisoned (-4 -> -5), lightly drained
A: explore regen
a: no special abilities


You were on level 3 of the Dungeon.
You visited 1 branch of the dungeon, and saw 3 of its levels.

You collected 216 gold pieces.
You spent 125 gold pieces at shops.

Inventory:

Hand Weapons
 a - a +0 long sword (weapon)
Missiles
 k - a poisoned dart (quivered)
 s - a javelin
Armour
 b - a +0 leather armour
 c - a +0 helmet (worn)
 i - a +0 robe (worn)
Jewellery
 m - a +6 ring of dexterity (left hand)
 n - a +6 ring of dexterity (right hand)
 o - the ring "Beiqiyq" {Fly rCorr MP-9 Str+3 Int+2}
   (You bought it in a shop on level 2 of the Dungeon)

   [ring of flight]

   Str+3:     It affects your strength (+3).
   Int+2:     It affects your intelligence (+2).
   MP-9:      It affects your magic capacity (-9).
   Fly:       It grants you flight.
   rCorr:     It protects you from acid and corrosion.
Scrolls
 e - a scroll of fog {unknown}
 l - 2 scrolls of teleportation
 p - a scroll of amnesia {unknown}
 q - a scroll of blinking {unknown}
 r - a scroll of vulnerability {unknown}
Potions
 f - a potion of heal wounds {unknown}
 g - a potion of haste {unknown}
 h - 4 potions of curing {unknown}
 j - a potion of cancellation {unknown}


   Skills:
 * Level 4.2 Fighting
 + Level 4.0 Long Blades
 * Level 4.1 Throwing
 - Level 3.0 Dodging


You had 5 spell levels left.
You didn't know any spells.
Your spell library contained the following spells:

 Spells                   Type           Power      Damage    Failure   Level
 Slow                     Hex            0%         N/A       41%         1
 Confusing Touch          Hex            0%         N/A       78%         3
 Inner Flame              Hex/Fire       0%         N/A       78%         3
 Sigil of Binding         Hex            0%         N/A       78%         3
 Vampiric Draining        Necr           0%         2d6       78%         3
 Flame Wave               Conj/Fire      0%         2d4       99%         4
 Sticky Flame             Fire/Alch      0%         2d4       99%         4


Dungeon Overview and Level Annotations

Branches:
Dungeon (3/15)

Altars:
Yredelemnul

Shops:
D:2 :**

Annotations:
D:3 Crazy Yiuf


Innate Abilities, Weirdness & Mutations

You regain HP and MP as you explore.


Message History

Crazy Yiuf shouts!
Okay, then.
You open the door.
Crazy Yiuf whimpers, "Gnoll foot shrimp!"
You drop a poisoned dart.
Crazy Yiuf cries, "Paint!"
Crazy Yiuf hits you with a +2 quarterstaff of chaos!
You feel drained.
Throw: 2 throwing nets
Press: ? - help, Shift-Dir - straight line, f - Crazy Yiuf
Aim: Crazy Yiuf, wielding a +2 quarterstaff of chaos and wearing a +0 cloak of stealth (71% to hit)
You throw a throwing net.
The throwing net barely misses Crazy Yiuf.
Crazy Yiuf hits you with a +2 quarterstaff of chaos!
You are poisoned.
Throw: throwing net
Press: ? - help, Shift-Dir - straight line, f/p - Crazy Yiuf
Aim: Crazy Yiuf, wielding a +2 quarterstaff of chaos and wearing a +0 cloak of stealth (71% to hit)
You throw a throwing net. The throwing net hits Crazy Yiuf.
Crazy Yiuf is caught in the net!
You feel sick.
Crazy Yiuf struggles against the net.
You strike the helpless Crazy Yiuf from behind!
You hit Crazy Yiuf.
Crazy Yiuf is lightly wounded.
You feel sick.
Crazy Yiuf struggles against the net.
You strike the helpless Crazy Yiuf from behind!
You hit Crazy Yiuf.
Crazy Yiuf is moderately wounded.
You feel sick.
Crazy Yiuf yells, "Cod!
Adder poople tea."
Crazy Yiuf struggles against the net.
You slash Crazy Yiuf!
Crazy Yiuf is severely wounded.
You feel sick.
Crazy Yiuf struggles against the net. x2
The net rips apart, and Crazy Yiuf comes free!
You barely miss Crazy Yiuf.
Crazy Yiuf is severely wounded.
You feel sick.
Crazy Yiuf hits you with a +2 quarterstaff of chaos!!
You die...

#)# #.###
#.#.#
##...##.##.#
#.# #...#
#####
#....#..##.#
#.# #####
#)....#>....
#.# #####
#....#####..
#.# #.()#
#..##.###.#.
#.# #...#
#......#....
#.#########
...
#.#####.###.
#.........#
#g# #.#
#.....
###########
♣♣@♣ #.##
#####. ♣.♣♣
#..# #. ♣♣.♣
#%.########.
♣.♣♣
#...........
♣♣.♣♣
#.##########
♣.PP♣♣ #.#
♣.P..♣ #.#
#....# #.#
#....# #.# #


You could see Crazy Yiuf.

Vanquished Creatures
  Sigmund (D:2)
  4 adders
  A dart slug (D:1)
  7 orcs (D:3)
  5 ball pythons
  7 endoplasms
  6 goblins
  6 hobgoblins
  3 jackals (D:2)
  5 kobolds
  5 quokkas
  5 bats
  2 frilled lizards
  5 rats
62 creatures vanquished.

Notes
Turn   | Place    | Note
-------+----------+-------------------------------------------
     0 | D:1      | Anriel the Human Gladiator began the quest for the Orb.
     0 | D:1      | Reached XP level 1. HP: 16/16 MP: 1/1
   378 | D:1      | Reached XP level 2. HP: 22/22 MP: 2/2
   824 | D:2      | Noticed Sigmund
   858 | D:2      | Killed Sigmund
   859 | D:2      | Reached XP level 3. HP: 30/30 MP: 3/3
   859 | D:2      | Reached XP level 4. HP: 37/37 MP: 4/4
   859 | D:2      | Reached XP level 5. HP: 42/42 MP: 5/5
  1015 | D:2      | Found Qutolexy's Assorted Antiques.
  1108 | D:2      | Found Epeamn's General Store.
  1334 | D:2      | Bought a crude bronze ring for 125 gold pieces
  1334 | D:2      | Identified the ring "Beiqiyq" {Fly rCorr MP-9 Str+3 Int+2}
                  | (You bought it in a shop on level 2 of the Dungeon)
  1363 | D:2      | Found Qunweung's Book Emporium.
  1874 | D:3      | Reached XP level 6. HP: 39/48 MP: 6/6
  2228 | D:3      | Found a basalt altar of Yredelemnul.
  2616 | D:3      | Found a runed translucent door.
  2617 | D:3      | Noticed Crazy Yiuf
  2627 | D:3      | Slain by Crazy Yiuf

Illustrated notes

Levels and vault maps discovered:
D:1:      lightli_iron_boxes, layout_loops_corners
D:2:      layout_basic, serial_shops, shop_statue, nicolae_shop_hallway_plus,
          nicolae_shop_rolling_square, patterned_corridor, uniq_sigmund
D:3:      layout_loops_ring, mainiacjoe_overflow_paths, uniq_crazy_yiuf_cottage

Skill      XL: |  1  2  3  4  5  6 |
---------------+-------------------+-----
Fighting       | 3 4 |  4.2
Throwing       | 3 4 |  4.1
Long Blades    | 4 |  4.0
Dodging        | |  3.0

Action                     |  1- 3 |  4- 6 || total
---------------------------+-------+-------++-------
  Melee: Long sword        |    40 |    79 ||   119
         Punch             |     1 |       ||     1
  Throw: Dart              |     5 |    20 ||    25
         Javelin           |     1 |     7 ||     8
         Throwing net      |     1 |     2 ||     3
    Use: Scroll            |     1 |       ||     1
   Stab: Sleeping          |     1 |     2 ||     3
         Held in net/web   |     1 |     2 ||     3
 Armour: Leather armour    |     7 |       ||     7
         Robe              |     5 |    27 ||    32
  Dodge: Dodged            |    23 |    48 ||    71
